 Dungeon Sprint DCSS version 0.18-a0-125-g4c9da24 (webtiles) character file.

7865 Kidiri the Grappler (level 11, -6/122 HPs)
             Began as a Troll Monk on Nov 21, 2015.
             Was the Champion of Qazlal.
             Mangled by a spriggan rider
             ... wielding a +0 spear
              (20 damage)
             ... in the Dungeon (Sprint VII: "The Pits").
             The game lasted 00:09:50 (977 turns).

Kidiri the Grappler (Troll Monk)                     Turns: 977, Time: 00:09:50

Health: -6/122     AC: 13    Str: 23    XL:     11   Next: 2%
Magic:  3/16       EV: 17    Int:  6    God:    Qazlal [******]
Gold:   0          SH: 15    Dex: 15    Spells: 0 memorised, 10 levels left

rFire  . . .     SeeInvis .       - Unarmed
rCold  . . .     Clarity  .     r - +0 robe (curse)
rNeg   . . .     SustAt   .     y - +0 shield
rPois  .         Gourm    +     (helmet restricted)
rElec  .         Spirit   .     w - +0 cloak
rCorr  .         Warding  .     (gloves unavailable)
rMut   .         NoTele   +     (boots unavailable)
MR     .....                    (no amulet)
Stlth  +.........               s - +3 ring of protection
                                a - +3 ring of evasion

@: protected from physical damage, repel missiles, not resistant to hostile
enchantments, very unstealthy
A: unfitting armour, claws 3, fast metabolism 3, gourmand, regeneration 2,
shaggy fur 1, strong 1, tough skin 2
a: Upheaval, Elemental Force, Disaster Area, Renounce Religion


You were in the Dungeon.
You worshipped Qazlal.
Qazlal was exalted by your worship.
You were completely stuffed.

You visited 1 branch

Inventory:

Missiles
 o - 15 stones
 x - 5 large rocks (quivered)
Armour
 r - a cursed +0 robe (worn)
 w - a +0 cloak (worn)
 y - a +0 shield (worn)
Jewellery
 a - a +3 ring of evasion (left claw)
 s - a +3 ring of protection (right claw)
Wands
 q - a wand of flame (29)
Scrolls
 h - a scroll of blinking
 l - 3 scrolls of remove curse
 m - 5 scrolls of amnesia
 n - a scroll of summoning
Potions
 c - 5 potions of curing
 d - 7 potions of heal wounds
 e - a potion of haste
 f - 4 potions of magic
 g - 3 potions of berserk rage
 k - 2 potions of invisibility
 t - a potion of brilliance
 u - a potion of cure mutation
 v - 2 potions of might
Comestibles
 b - 9 bread rations
 i - 40 fruits
 j - 7 meat rations
 p - 5 chunks of flesh


   Skills:
 * Level 11.6 Fighting
 + Level 8.0 Armour
 * Level 11.4 Dodging
 - Level 3.1 Stealth
 * Level 13.6 Unarmed Combat
 + Level 8.6 Invocations


You had 10 spell levels left.
You didn't know any spells.

Dungeon Overview and Level Annotations

Branches:
Dungeon (1/1)

Altars:
Ashenzari
Cheibriados
Dithmenos
Elyvilon
Fedhas
Gozag
Kikubaaqudgha
Makhleb
Nemelex Xobeh
Okawaru
Qazlal
Ru
Sif Muna
Trog
Vehumet
Xom
Yredelemnul
Zin
The Shining One
Beogh
Jiyva
Lugonu


Innate Abilities, Weirdness & Mutations

You are too large for most types of armour.
You have claws for hands.
Your metabolism is lightning-fast.
You like to eat raw meat.
You heal very quickly.
You are covered in fur (AC +1).
You have very tough skin (AC +2).
Your muscles are strong. (Str +2)


Message History

You have reached level 11!
The crimson imp blinks!
You miss the crimson imp.
You hear a shout!
You hear a bellow!
The spriggan rider hits you from afar with a spear!
* * * LOW HITPOINT WARNING * * *
You block the crimson imp's attack.
Unknown command.
The crimson imp closely misses you.
You completely miss the spriggan rider.
The spriggan rider is moderately wounded.
The spriggan rider hits you with a spear!
* * * LOW HITPOINT WARNING * * *
The crimson imp closely misses you.
Unknown command.
Unknown command.
You miss the spriggan rider.
The spriggan rider is moderately wounded.
The spriggan rider hits you with a spear!!
You die...

..##..# ##.## ..##..#
##.))## .. #
..##..####...)%##.##.#
..##...##...)..#...#.#
####....'.).)..+...'.
####...##.%....#...#
.[##..####.....##§##
[[##..##.##...##i..## #
§)##..##..##.##§@§..#§..#
))##..###..#+#..5)†....#
))##..# ##......###...##
####### ######## ###


You could see a spriggan rider and a crimson imp.

Vanquished Creatures
  Azrael (D)
  A great orb of eyes (D)
  A merfolk avatar (D)
  A cyclops (D)
  3 spiny frogs (D)
  A kobold demonologist (D)
  A snapping turtle (D)
  2 shadows (D)
  A spriggan (D)
  A redback (D)
  6 yaks (D)
  A tarantella (D)
  A wyvern (D)
  A hungry ghost (D)
  4 fire elementals (D)
  A wolf (D)
  A neqoxec (D)
  Edmund (D)
  3 hell hounds (D)
  2 wasps (D)
  A black bear (D)
  2 phantoms (D)
  A giant frog (D)
  A brain worm (D)
  A gnoll sergeant (D)
  A jelly (D)
  Jessica (D)
  2 mummies (D)
  3 gnolls (D)
  An adder (D)
  A river rat (D)
  A giant eyeball (D)
  An ooze (D)
  A worm (D)
  A giant gecko (D)
  A ball python (D)
  A giant cockroach (D)
  8 jackals (D)
  A quokka (D)
  A giant gecko zombie (D)
  A jackal skeleton (D)
  A kobold (D)
  A quokka zombie (D)
68 creatures vanquished.

Notes
Turn   | Place    | Note
--------------------------------------------------------------
     0 | D        | Kidiri the Troll Monk began the quest for the Orb.
     0 | D        | Reached XP level 1. HP: 22/22 MP: 0/0
    24 | D        | Reached XP level 2. HP: 29/29 MP: 1/1
    49 | D        | Found a sacrificial altar of Ru.
    49 | D        | Found a basalt altar of Yredelemnul.
    49 | D        | Found a shadowy altar of Dithmenos.
    49 | D        | Found a deep blue altar of Sif Muna.
    49 | D        | Found a burning altar of Makhleb.
    49 | D        | Found a shimmering altar of Xom.
    49 | D        | Found an ancient bone altar of Kikubaaqudgha.
    49 | D        | Found a sparkling altar of Nemelex Xobeh.
    50 | D        | Found a glowing golden altar of the Shining One.
    50 | D        | Found a bloodstained altar of Trog.
    50 | D        | Found a shattered altar of Ashenzari.
    50 | D        | Found a white marble altar of Elyvilon.
    50 | D        | Found a snail-covered altar of Cheibriados.
    50 | D        | Found a blossoming altar of Fedhas.
    50 | D        | Found a radiant altar of Vehumet.
    50 | D        | Found a glowing silver altar of Zin.
    50 | D        | Found a corrupted altar of Lugonu.
    50 | D        | Found a viscous altar of Jiyva.
    50 | D        | Found a roughly hewn altar of Beogh.
    50 | D        | Found an iron altar of Okawaru.
    78 | D        | Found a stormy altar of Qazlal.
    79 | D        | Found an opulent altar of Gozag.
    90 | D        | Became a worshipper of Qazlal Stormbringer
    90 | D        | Reached * piety under Qazlal
    90 | D        | Reached ** piety under Qazlal
   107 | D        | Noticed a brain worm
   113 | D        | Reached skill level 1 in Armour
   116 | D        | Killed a brain worm
   116 | D        | Reached skill level 5 in Unarmed Combat
   116 | D        | Reached skill level 1 in Invocations
   116 | D        | Reached XP level 3. HP: 32/39 MP: 1/3
   116 | D        | Reached XP level 4. HP: 39/48 MP: 1/4
   168 | D        | Reached *** piety under Qazlal
   186 | D        | Reached **** piety under Qazlal
   266 | D        | Noticed a black bear
   277 | D        | Noticed a wolf
   279 | D        | Reached ***** piety under Qazlal
   284 | D        | Killed a black bear
   284 | D        | Reached skill level 5 in Fighting
   284 | D        | Reached skill level 5 in Dodging
   284 | D        | Reached skill level 6 in Unarmed Combat
   284 | D        | Reached XP level 5. HP: 29/57 MP: 0/6
   300 | D        | Killed a wolf
   300 | D        | Reached skill level 7 in Unarmed Combat
   300 | D        | Reached XP level 6. HP: 45/67 MP: 1/7
   364 | D        | Noticed Edmund
   380 | D        | Killed Edmund
   380 | D        | Reached skill level 8 in Unarmed Combat
   400 | D        | Reached XP level 7. HP: 23/76 MP: 6/9
   495 | D        | Noticed Jessica
   503 | D        | Reached skill level 9 in Unarmed Combat
   509 | D        | Killed Jessica
   542 | D        | Noticed a shadow
   542 | D        | Noticed a yak
   542 | D        | Noticed a yak
   542 | D        | Noticed a yak
   542 | D        | Noticed a yak
   542 | D        | Noticed a yak
   542 | D        | Noticed a yak
   543 | D        | Reached ****** piety under Qazlal
   543 | D        | Killed a yak
   543 | D        | Reached skill level 5 in Invocations
   543 | D        | Killed a yak
   543 | D        | Reached XP level 8. HP: 86/88 MP: 2/10
   545 | D        | Reached skill level 5 in Armour
   545 | D        | Reached skill level 10 in Unarmed Combat
   695 | D        | Reached XP level 9. HP: 94/97 MP: 12/12
   709 | D        | Noticed a kobold demonologist
   709 | D        | Noticed a cyclops
   709 | D        | Noticed a spiny frog
   716 | D        | Gained mutation: Your muscles are strong. (Str +2) [a neqoxec]
   718 | D        | Killed a kobold demonologist
   718 | D        | Reached skill level 11 in Unarmed Combat
   722 | D        | Killed a spiny frog
   723 | D        | Killed a cyclops
   798 | D        | Reached skill level 10 in Fighting
   799 | D        | Noticed a fire drake
   804 | D        | Noticed a spiny frog
   808 | D        | Paralysed by a wasp for 2 turns
   816 | D        | Killed a spiny frog
   816 | D        | Reached skill level 10 in Dodging
   816 | D        | Reached skill level 12 in Unarmed Combat
   816 | D        | Reached XP level 10. HP: 51/110 MP: 14/14
   934 | D        | Noticed a great orb of eyes
   943 | D        | Noticed Azrael
   945 | D        | Paralysed by a great orb of eyes for 3 turns
   947 | D        | Noticed a merfolk avatar
   952 | D        | Noticed a spriggan rider
   955 | D        | Killed a great orb of eyes
   959 | D        | Reached skill level 13 in Unarmed Combat
   969 | D        | Killed Azrael
   973 | D        | Killed a merfolk avatar
   973 | D        | Reached XP level 11. HP: 42/122 MP: 2/16
   977 | D        | Mangled by a spriggan rider

Vault maps used:
D:        pitsprint

Action                   |  1- 3 |  4- 6 |  7- 9 | 10-12 || total
-------------------------+-------+-------+-------+-------++-------
Melee: Unarmed           |    17 |    68 |    73 |    40 ||   198
Invok: Upheaval          |       |     2 |       |       ||     2
       Disaster Area     |       |       |     1 |     2 ||     3
  Use: Potion            |       |     1 |       |     7 ||     8
  Eat: Chunk             |       |     9 |     6 |     2 ||    17
